 Dungeon Crawl Stone Soup version 0.27.1-3-gb3d3a73c9e (webtiles) character file.

Game seed: 1238318752070979517

134 styxcanada the Covert (level 4, -5/23 HPs)
             Began as a Spriggan Brigand on Oct 28, 2021.
             Slain by a water moccasin (8 damage)
             ... on level 3 of the Dungeon.
             The game lasted 00:12:33 (2882 turns).

styxcanada the Covert (Spriggan Brigand)            Turns: 2882, Time: 00:12:33

Health: -5/23      AC:  3    Str:  7    XL:     4   Next: 95%
Magic:  5/5        EV: 17    Int: 12    God:
Gold:   68         SH:  0    Dex: 17    Spells: 3/3 levels left

rFire    + . .     SeeInvis +   k - +0 dagger (venom)
rCold    . . .     Faith    .   (shield restricted)
rNeg     . . .     Spirit   .   b - +0 robe
rPois    .         Reflect  .   (helmet restricted)
rElec    .         Harm     .   c - +0 cloak
rCorr    .         Rampage  .   (gloves unavailable)
Will     .....                  (boots unavailable)
Stlth    ++++......             (no amulet)
HPRegen  0.07/turn              t - ring of protection from fire
MPRegen  0.09/turn              (no ring)

@: very quick
A: very small, no large weapons, unfitting armour, see invisible, speed 3
a: no special abilities


You were on level 3 of the Dungeon.
You visited 1 branch of the dungeon, and saw 3 of its levels.

You collected 68 gold pieces.

Inventory:

Hand Weapons
 a - a +2 dagger
 g - a +0 hunting sling
 k - a +0 dagger of venom (weapon)
 l - a +1 vampiric short sword
 m - a +3 dagger
Missiles
 e - 2 curare-tipped darts
 i - 83 stones
 n - 15 poisoned darts (quivered)
Armour
 b - a +0 robe (worn)
 c - a +0 cloak (worn)
 s - a +0 buckler
Jewellery
 t - a ring of protection from fire (left hand)
Wands
 d - a wand of flame (18)
Scrolls
 o - a scroll of holy word {unknown}
 r - a scroll of teleportation {unknown}
Potions
 f - a potion of cancellation
 h - 2 potions of brilliance
 j - a potion of curing
 q - a potion of might {unknown}


   Skills:
 * Level 2.2 Fighting
 + Level 2.6 Short Blades
 + Level 2.2 Throwing
 * Level 2.4 Dodging
 * Level 8.2 Stealth


You had 3 spell levels left.
You didn't know any spells.
Your spell library contained the following spells:

 Spells                   Type           Power      Damage    Failure   Level
 Gell's Gravitas          Tloc           0%         N/A       69%         3
 Lesser Beckoning         Tloc           0%         N/A       69%         3
 Teleport Other           Tloc           0%         N/A       69%         3


Dungeon Overview and Level Annotations

Branches:
Dungeon (3/15)

Altars:


Innate Abilities, Weirdness & Mutations

You are very small and have problems with some larger weapons.
You are too small for most types of armour.
You have supernaturally acute eyesight. (SInv)
You cover ground extremely quickly. (Speed+++)


Message History

You are poisoned.
The water moccasin poisons you!
You hit the water moccasin.
The water moccasin is lightly wounded.
You feel sick. The bat closely misses you. The water moccasin bites you!
You miss the water moccasin.
The water moccasin is lightly wounded.
You feel sick. The bat closely misses you.
The water moccasin bites you but does no damage.
You barely miss the bat.
You feel sick. The bat closely misses you. The water moccasin bites you.
You feel sick.
There is a stone staircase leading up here.
You feel sick. The bat hits you but does no damage.
You feel sick.
You feel sick.
You feel sick.
You are no longer poisoned.
The bat misses you.
Aiming: Throw Flame
Press: ? - help, Shift-Dir - straight line, f - water moccasin
Aim: a water moccasin (lightly wounded, 48% to hit)
The puff of flame hits the water moccasin.
The water moccasin is moderately wounded.
The bat misses you. The bat closely misses you.
Aiming: Throw Flame
Press: ? - help, Shift-Dir - straight line, f/p - water moccasin
Aim: a water moccasin (moderately wounded, 48% to hit)
The puff of flame misses the water moccasin.
You closely miss the water moccasin.
The water moccasin is moderately wounded.
The water moccasin barely misses you.
You hit the water moccasin.
The water moccasin is poisoned.
The water moccasin is moderately wounded.
The water moccasin completely misses you.
You closely miss the water moccasin.
The water moccasin is heavily wounded.
The water moccasin bites you!
You die...

)####.# #.#
#.######......###.###
.# #. #.# #.#
#♣.♣.♣.##.../ .# #.
#.# #.# #........?...
.# #. #># #.#
#..#.#.#..... )#
#.###.###.#
####..........<. .#
#.........#
#).....####..... ##
#..#####..# ##b###..#
##.... #..#
#..###S#.#...#####....
#####..#
#....@###.#..#.....###
.......#♣
♣)####.#.###.#.#######
######.♣P♣♣♣♣# ##.##
##......... #..♣PP≈PP♣
#.## ##..######
♣.♣♣♣≈≈≈P♣ ##.##
##...###### ♣.P♣P≈≈≈♣
##.###..........
####♣....P†PP♣
##.#.##..######
.....♣.P.P.♣♣♣
##.###..# ######♣♣♣♣♣♣
#.# #..#


You could see a water moccasin (very poisoned) and a bat.

Vanquished Creatures
  An orc priest (D:3)
  Jessica (D:2)
  An orc wizard (D:3)
  A worm (D:3)
  3 orcs (D:3)
  3 endoplasms
  3 giant cockroaches
  6 goblins
  4 hobgoblins
  4 kobolds
  2 quokkas
  5 ball pythons
  5 bats
  3 frilled lizards
  7 rats
49 creatures vanquished.

Vanquished Creatures (others)
  A plant (D:3)
1 creature vanquished.

Grand Total: 50 creatures vanquished

Notes
Turn   | Place    | Note
-------+----------+-------------------------------------------
     0 | D:1      | styxcanada the Spriggan Brigand began the quest for the
                  | Orb.
     0 | D:1      | Reached XP level 1. HP: 10/10 MP: 2/2
    82 | D:1      | Reached skill level 6 in Stealth
   240 | D:1      | Reached XP level 2. HP: 7/15 MP: 3/3
   240 | D:1      | Found a faded altar of an unknown god.
  1091 | D:2      | Noticed Jessica
  1119 | D:2      | Killed Jessica
  1120 | D:2      | Reached skill level 7 in Stealth
  1120 | D:2      | Reached XP level 3. HP: 5/18 MP: 4/4
  1935 | D:3      | Noticed an ogre
  1936 | D:3      | Noticed an ogre
  2120 | D:3      | Reached XP level 4. HP: 23/23 MP: 5/5
  2217 | D:3      | Reached skill level 8 in Stealth
  2850 | D:3      | Noticed a water moccasin
  2882 | D:3      | Slain by a water moccasin

Illustrated notes

Levels and vault maps discovered:
D:1:      heliophobic_arrival_ceremonial_halls, layout_basic,
          hellmonk_ecumenical_altar_arch_garden, minivault_14,
          minmay_stone_trees_large
D:2:      layout_basic, serial_aquarium, aquarium_bridge_square
          [aquarium_subvault_window, aquarium_subvault_bridge,
          aquarium_subvault_wall, aquarium_subvault_bridge],
          aquarium_window_fake, aquarium_window_fake, aquarium_view_2e,
          aquarium_view_2g, uniq_jessica
D:3:      layout_loops_ring, serial_forest, infiniplex_forest_straight_5,
          infiniplex_forest_clump_tiny, infiniplex_forest_straight_1,
          infiniplex_forest_lined_2, infiniplex_forest_pool,
          infiniplex_forest_3_way, infiniplex_forest_straight_4,
          infiniplex_forest_lined_room_2, lightli_corner_chamber, uniq_grinder,
          uniq_terence

Skill      XL: |  1  2  3  4 |
---------------+-------------+-----
Stealth        | 6 7 8 |  8.2
Fighting       | 2 |  2.2
Dodging        | 2 |  2.4
Short Blades   | |  2.6
Throwing       | |  2.2

Action                   |  1- 3 |  4- 6 || total
-------------------------+-------+-------++-------
Melee: Dagger            |    80 |    38 ||   118
Throw: Dart              |    11 |    10 ||    21
Evoke: Wand              |       |     2 ||     2
  Use: Scroll            |     4 |       ||     4
 Stab: Sleeping          |    21 |       ||    21
       Distracted        |       |     1 ||     1
Armor: Robe              |    15 |     5 ||    20
Dodge: Dodged            |    50 |    22 ||    72
